AoeStats
← OGStragglerTree

Hideout

508094356Analyzed
1v1 RM · 10d ago on Sep 20, 2026· 44m 46s· 2 players
Game mode
Random Map
Map size
Tiny (2 player)
Population
200
Speed
Normal
Resources
Standard
Victory
Conquest
Starting age
Dark Age
Ending age
Imperial Age
RankedLock teamsTeams togetherTeam positionsShared explorationLock speedFull tech treeHidden civsTurbo modeCheats
Victory
Defeat
🇺🇸 Georgians · United States
1606
+16
🇵🇪 Teutons · Peru
1612
-16
OGStragglerTree
5:18 Loom
5:25 Loom
8:35 Feudal Age
9:04 Town Watch
9:07 Double-Bit Axe
10:33 Fletching
19:12 Wheelbarrow
23:46 Castle Age
21:37 Horse Collar
23:20 Forging
23:12 Gold Mining
23:58 Scale Barding Armor
25:19 Bodkin Arrow
25:39 Bow Saw
30:05 Heavy Plow
30:42 Bloodlines
30:32 Husbandry
32:36 Scale Barding Armor
32:41 Husbandry
35:23 Iron Casting
35:12 Chain Barding Armor
39:40 Imperial Age
38:58 Masonry
38:57 Padded Archer Armor
40:05 Fervor
40:36 Bracer
41:04 Hand Cart
41:52 Parthian Tactics
42:16 Conscription
43:36 Leather Archer Armor
43:43 Ballistics
44:30 Chemistry
44:41 Elite Monaspa
DITO_san
6:14 Loom
8:58 Feudal Age
9:39 Double-Bit Axe
11:50 Fletching
14:38 Horse Collar
24:16 Castle Age
22:41 Padded Archer Armor
22:45 Stone Mining
25:31 Bow Saw
27:01 Scale Mail Armor
26:23 Pikeman
28:44 Sanctity
29:02 Bodkin Arrow
30:01 Chain Mail Armor
30:56 Wheelbarrow
30:55 Fervor
31:57 Gold Mining
33:39 Town Watch
39:59 Imperial Age
38:53 Forging
39:47 Ballistics
40:00 Masonry
41:09 Iron Casting
40:18 Halberdier
43:35 Scale Barding Armor
44:41 Blast Furnace
44:52 Chain Barding Armor
44:45 Bloodlines
Connection lost

Rejoining the realm…

Still unreachable

The connection could not be restored.

Session expired

The server has moved on; the page needs a fresh start.